 Dungeon Crawl Stone Soup version 0.31-a0-564-g3b7de120b3 (webtiles) character file.

Game seed: 9226058856751501494

1876 IdlyInterested the Cleaver (level 8, 0/62 HPs)
             Began as a Demonspawn Gladiator on Aug 17, 2023.
             Slain by an ice devil (10 damage)
             ... on level 6 of the Dungeon.
             The game lasted 00:17:31 (5215 turns).

IdlyInterested the Cleaver (Demonspawn Gladiator)   Turns: 5215, Time: 00:17:32

Health: 0/62       AC: 14    Str: 17    XL:     8   Next: 91%
Magic:  8/8        EV: 12    Int:  9    God:
Gold:   33         SH:  5    Dex: 15    Spells: 7/7 levels left

rFire   . . .        a - +1 war axe
rCold   . . .        (no shield)
rNeg    . . .        g - +3 leather armour
rPois   .            (helmet restricted)
rElec   .            u - +0 cloak
rCorr   .            (no gloves)
SInv    .            (no boots)
Will    +....        t - amulet of reflection
Stlth   +            h - +4 ring of protection
HPRegen 0.30/turn    k - ring of willpower
MPRegen 0.11/turn

%: reflection
@: on berserk cooldown, hasted and slowed
A: rugged brown scales 3, spiny 2, demonic touch 2, beak, MP-powered wands
a: no special abilities


You were on level 6 of the Dungeon.
You visited 1 branch of the dungeon, and saw 6 of its levels.

You collected 358 gold pieces.
You spent 325 gold pieces at shops.

Inventory:

Hand Weapons
 a - a +1 war axe (weapon)
 p - a +2 dagger of speed
 x - a +4 rapier of protection
Missiles
 d - 3 throwing nets
 e - a javelin
 f - 24 stones (quivered)
 l - 4 boomerangs
Armour
 c - a +1 helmet
 g - a +3 leather armour (worn)
 m - an orb of energy
 o - a scarf of harm
 u - a +0 cloak (worn)
 z - a +0 chain mail
Jewellery
 h - a +4 ring of protection (left hand)
 k - a ring of willpower (right hand)
 t - an amulet of reflection (around neck)
Talismans
 s - a serpent talisman
Wands
 v - a wand of mindburst (21)
Scrolls
 b - a scroll of fear
 n - a scroll of enchant armour
 q - 2 scrolls of teleportation
 r - a scroll of revelation
 w - a scroll of enchant weapon
 y - a scroll of identify
Potions
 i - 2 potions of curing
 j - 2 potions of attraction
 D - a potion of enlightenment


   Skills:
 - Level 3.0 Fighting
 * Level 9.8 Axes
 - Level 1.7 Throwing
 - Level 2.0 Armour
 - Level 2.6 Dodging
 - Level 1.0 Stealth
 - Level 3.0 Unarmed Combat
 + Level 0.0 Evocations
 - Level 1.0 Shapeshifting


You had 7 spell levels left.
You didn't know any spells.
Your spell library contained the following spells:

 Spells                   Type           Power      Damage    Failure   Level
 Apportation              Tloc           0%         N/A       43%         1
 Necrotise                Necr           0%         1d4       43%         1
 Summon Small Mammal      Summ           0%         N/A       43%         1
 Blink                    Tloc           0%         N/A       58%         2
 Lesser Beckoning         Tloc           0%         N/A       58%         2
 Momentum Strike          Conj/Tloc      0%         3d8       58%         2
 Alistair's Intoxication  Tmut/Pois      0%         N/A       100%        5


Dungeon Overview and Level Annotations

Branches:
Dungeon (6/15)
 Temple: D:4-7

Altars:
Qazlal

Shops:
D:6 !

Portals:
Abyss: D:6

Annotations:
D:6 1 transporter


Innate Abilities, Weirdness & Mutations

You are completely covered in rugged brown scales. (AC +3, +7% HP)
You are mostly covered in sharp spines.
Your touch may inflict irresistible damage on your foes.
You have a beak for a mouth.
You expend magic power (3 MP) to strengthen your wands.


Message History

You block the kobold brigand's attack.
You feel yourself speed up. The ice devil is struck by your spines.
The ice devil barely misses you.
The kobold brigand completely misses you.
You feel much better. The ice devil is struck by your spines.
The ice devil hits you but does no damage.
The kobold brigand barely misses you.
You barely miss the ice devil.
You peck the ice devil, but do no damage.
You touch the ice devil.
The ice devil is heavily wounded.
You barely miss the kobold brigand.
The ice devil hits you but does no damage.
The kobold brigand is struck by your spines.
The kobold brigand closely misses you.
You hit the ice devil.
The ice devil is heavily wounded.
You hit the kobold brigand. The ice devil barely misses you.
The kobold brigand hits you with a +0 dagger of distortion.
Space warps around you.
You closely miss the ice devil.
You touch the ice devil!
The ice devil is severely wounded.
You closely miss the kobold brigand. The ice devil hits you.
The ice devil freezes you! You block the kobold brigand's attack.
You hit the ice devil. Your peck misses the ice devil.
The ice devil is severely wounded.
You barely miss the kobold brigand. The ice devil misses you.
The kobold brigand closely misses you.
You hit the ice devil.
The ice devil is severely wounded.
You hit the kobold brigand but do no damage.
The ice devil hits you. The ice devil freezes you!
You block the kobold brigand's attack.
You closely miss the ice devil. Your peck misses the ice devil.
You touch the ice devil!
The ice devil is almost dead.
You closely miss the kobold brigand. The ice devil hits you!
* * * LOW HITPOINT WARNING * * *
The ice devil freezes you!
You die...

#..##......#?#.∩##.#. #.#©.#.....
#..##.....##.#. ###.#.##..#.....
#'###....##.#.### #.# #...##.###
#...#....##.x.#.##.#..##...######
#...#.....##W##..#$..##........#.
#..##......###..##..(#.........#.
#..##...........#x##.#.........#.
#..............##K##.###...##.###
#..........#####@4©.#. #...##.###
#..####...#####..###...##.......#
'..##.....#©...#.#©##...#.......#
#.........####..##..##.##.......#
#............####....###...##...#
...........................##..##
...........................##..##
#.................#....#.........
#..##..###'###....#....#.........


You could see an ice devil, a kobold brigand and a small abomination.

Vanquished Creatures
  The ghost of dialectric the Carver, a novice MiFi of Okawaru (D:6)
  Grinder (D:3)
  Eustachio (D:6)
  A steam dragon (D:6)
  2 black bears (D:5)
  3 ogres
  A centaur (D:5)
  3 scorpions
  An orc priest (D:3)
  2 iguanas (D:5)
  2 jellies
  Terence (D:3)
  3 adders
  A white imp (D:6)
  An ufetubus (D:5)
  3 worms (D:2)
  2 dart slugs (D:1)
  13 orcs
  6 ball pythons
  3 endoplasms
  2 giant cockroaches
  8 hobgoblins
  4 kobolds
  4 quokkas
  9 bats
  A frilled lizard (D:1)
  10 goblins
  A rat (D:1)
90 creatures vanquished.

Notes
Turn   | Place    | Note
-------+----------+-------------------------------------------
     0 | D:1      | IdlyInterested the Demonspawn Gladiator began the quest for
                  | the Orb.
     0 | D:1      | Reached XP level 1. HP: 16/16 MP: 1/1
   142 | D:1      | Reached skill level 3 in Axes
   168 | D:1      | Gained mutation: You are partially covered in rugged brown
                  | scales. (AC +1, +3% HP) [demonic ancestry]
   168 | D:1      | Reached XP level 2. HP: 9/22 MP: 2/2
   322 | D:1      | Reached skill level 1 in Armour
   662 | D:2      | Gained mutation: You are mostly covered in rugged brown
                  | scales. (AC +2, +5% HP) [demonic ancestry]
   662 | D:2      | Reached XP level 3. HP: 16/28 MP: 3/3
   664 | D:2      | Found a faded altar of an unknown god.
  1011 | D:2      | Reached skill level 1 in Stealth
  1414 | D:3      | Noticed Terence
  1423 | D:3      | Killed Terence
  1424 | D:3      | Reached skill level 4 in Axes
  1424 | D:3      | Gained mutation: Your touch may inflict minor irresistible
                  | damage on your foes. [demonic ancestry]
  1424 | D:3      | Reached XP level 4. HP: 17/34 MP: 4/4
  1841 | D:3      | Found a stormy altar of Qazlal.
  2046 | D:3      | Noticed Grinder
  2054 | D:3      | Killed Grinder
  2055 | D:3      | Reached skill level 5 in Axes
  2055 | D:3      | Gained mutation: You are partially covered in sharp spines.
                  | [demonic ancestry]
  2055 | D:3      | Reached XP level 5. HP: 32/39 MP: 5/5
  2055 | D:3      | Gained mutation: Your touch may inflict irresistible damage
                  | on your foes. [demonic ancestry]
  2055 | D:3      | Reached XP level 6. HP: 38/46 MP: 6/6
  2492 | D:4      | Reached skill level 6 in Axes
  2784 | D:4      | Reached skill level 1 in Unarmed Combat
  2925 | D:5      | Entered Level 5 of the Dungeon
  2928 | D:5      | Gained mutation: You are completely covered in rugged brown
                  | scales. (AC +3, +7% HP) [demonic ancestry]
  2928 | D:5      | Reached XP level 7. HP: 46/53 MP: 7/7
  3005 | D:5      | Reached skill level 7 in Axes
  3669 | D:5      | Gained mutation: You have a beak for a mouth. [potion of
                  | mutation]
  3669 | D:5      | Gained mutation: You expend magic power (3 MP) to
                  | strengthen your wands. [potion of mutation]
  3799 | D:5      | Gained mutation: You are mostly covered in sharp spines.
                  | [demonic ancestry]
  3799 | D:5      | Reached XP level 8. HP: 62/62 MP: 8/8
  4208 | D:6      | Found a transporter.
  4422 | D:6      | Found Xaczikh's Distillery.
  4531 | D:6      | Noticed an ice devil
  4538 | D:6      | Reached skill level 8 in Axes
  4543 | D:6      | Noticed Eustachio
  4555 | D:6      | Killed Eustachio
  4626 | D:6      | Found a one-way gate to the infinite horrors of the Abyss.
  4626 | D:6      | Noticed dialectric's ghost (novice MiFi)
  4626 | D:6      | Noticed a toenail golem
  4782 | D:6      | Found a transporter.
  5126 | D:6      | Bought a potion of haste for 130 gold pieces
  5126 | D:6      | Bought a potion of heal wounds for 65 gold pieces
  5126 | D:6      | Bought a potion of berserk rage for 65 gold pieces
  5126 | D:6      | Bought a potion of enlightenment for 65 gold pieces
  5205 | D:6      | Killed dialectric's ghost
  5206 | D:6      | Reached skill level 9 in Axes
  5206 | D:6      | Reached skill level 1 in Shapeshifting
  5215 | D:6      | Slain by an ice devil

Illustrated notes

Levels and vault maps discovered:
D:1:      sevenhm_arrival_forest_fort_small_4, layout_rooms
D:2:      layout_basic, ebering_ecumenical_altar_abandoned
D:3:      layout_loops_corners, chequers_temple_overflow_statue_of_worship,
          nicolae_concentric_dashed_squares_mild, hangedman_decor_push,
          minmay_misc_feat_hallway, uniq_grinder, uniq_terence
D:4:      layout_cave_pools, serial_bayou_lagoon_a, nrook_loot_triangle
D:5:      corexii_shack_village, layout_layer_cave
D:6:      layout_gridville, gammafunk_ghost_abyssal_escape, serial_shops,
          nicolae_shop_industrial_runoff, uniq_eustachio

Skill      XL: |  1  2  3  4  5  6  7  8 |
---------------+-------------------------+-----
Axes           | 3 4 5 6 7 9 |  9.8
Armour         | 1 2 |  2.0
Stealth        | 1 |  1.0
Unarmed Combat | 1 2 3 |  3.0
Fighting       | 3 |  3.0
Shapeshifting  | 1 |  1.0
Throwing       | |  1.7
Dodging        | |  2.6

Action                     |  1- 3 |  4- 6 |  7- 9 || total
---------------------------+-------+-------+-------++-------
  Melee: War axe           |   105 |    40 |    98 ||   243
         Touch             |       |     7 |    20 ||    27
         Peck              |       |       |     9 ||     9
         Punch             |       |       |     3 ||     3
  Throw: Stone             |     3 |    11 |    25 ||    39
    Use: Scroll            |     3 |     3 |     3 ||     9
         Potion            |     1 |     1 |     5 ||     7
   Stab: Sleeping          |     1 |     2 |       ||     3
 Armour: Leather armour    |    48 |     7 |    25 ||    80
         Scale mail        |       |     8 |       ||     8
  Dodge: Dodged            |    63 |    27 |    49 ||   139
  Block: Other             |       |     1 |    31 ||    32

Table legend: (Time is in decaauts)
 A = Elapsed time spent in this place.
 B = Non-inter-level travel time spent in this place.
 C = Inter-level travel time spent in this place.
 D = Time resting spent in this place.
 E = Time spent auto-exploring this place.
 F = Levels seen in this place.
 G = Mean time per level.
                   A        B        C        D        E       F      G
               +--------+--------+--------+--------+--------+-----+--------+
         Total |   5274 |   4668 |    606 |    397 |   3096 |   6 |  879.0 |
       Dungeon |   5274 |   4668 |    606 |    397 |   3096 |   6 |  879.0 |
               +--------+--------+--------+--------+--------+-----+--------+

Top non-repeatable levels by time:
     D:5: 1369 daAuts
     D:3: 952 daAuts
     D:2: 907 daAuts
     D:6: 890 daAuts
     D:1: 653 daAuts
     D:4: 502 daAuts
